 Dungeon Crawl Stone Soup version 0.22.1-1-ga44c0e56f4 (webtiles) character file.

54 Ihlosi the Skirmisher (level 4, -2/52 HPs)
             Began as a Human Gladiator on Nov 8, 2018.
             Slain by Crazy Yiuf
             ... wielding a +3 quarterstaff of chaos
              (13 damage)
             ... on level 2 of the Dungeon.
             The game lasted 00:04:21 (1932 turns).

Ihlosi the Skirmisher (Human Gladiator)             Turns: 1932, Time: 00:04:21

Health: -2/52      AC:  5    Str: 19    XL:     4   Next: 12%
Magic:  0/4        EV: 13    Int:  8    God:
Gold:   68         SH:  0    Dex: 16    Spells: 3/3 levels left

rFire    . . .     SeeInvis .   a - +0 long sword
rCold    . . .     Gourm    .   (no shield)
rNeg     . . .     Faith    .   b - +0 leather armour
rPois    .         Spirit   .   j - +1 helmet
rElec    .         Reflect  .   (no cloak)
rCorr    .         Harm     .   (no gloves)
MR       .....                  (no boots)
Stlth    ..........             h - amulet of rage
HPRegen  0.17/turn              (no ring)
MPRegen  0.09/turn              (no ring)

@: berserking, very quick
A: no striking features
a: Evoke Berserk Rage


You were on level 2 of the Dungeon.
You were very hungry.

You visited 1 branch of the dungeon, and saw 2 of its levels.

You collected 68 gold pieces.

Inventory:

Hand Weapons
 a - a +0 long sword (weapon)
Missiles
 d - 3 throwing nets (quivered)
 q - 7 curare-tipped needles
Armour
 b - a +0 leather armour (worn)
 i - a +0 chain mail
 j - a +1 helmet (worn)
Jewellery
 h - an amulet of rage (around neck)
 n - an uncursed ring of magical power
 p - a -3 ring of dexterity
Wands
 o - a wand of paralysis (11)
Scrolls
 g - a scroll of immolation
 m - a scroll of blinking {unknown}
Potions
 e - 3 potions of heal wounds {unknown}
 k - 2 potions of ambrosia {unknown}
 l - a potion of curing {unknown}
Comestibles
 f - 5 rations


   Skills:
 * Level 3.4 Fighting
 - Level 3.0 Long Blades
 - Level 2.0 Throwing
 + Level 1.3 Armour
 - Level 3.0 Dodging
 - Level 1.2 Stealth


You had 3 spell levels left.
You didn't know any spells.
Your spell library was empty.

Dungeon Overview and Level Annotations

Branches:
Dungeon (2/15)

Altars:

Annotations:
D:2 Crazy Yiuf


Message History

Crazy Yiuf hits you with a quarterstaff of chaos.
You are electrocuted!
You hit Crazy Yiuf.
Crazy Yiuf is moderately wounded.
Crazy Yiuf closely misses you.
You barely miss Crazy Yiuf.
Crazy Yiuf is moderately wounded.
Crazy Yiuf closely misses you.
You barely miss Crazy Yiuf.
Crazy Yiuf is moderately wounded.
You slash Crazy Yiuf!
Crazy Yiuf is severely wounded.
Crazy Yiuf waves his quarterstaff at you.
Crazy Yiuf hits you with a quarterstaff of chaos.
You are electrocuted!
* * * LOW HITPOINT WARNING * * *
You hit Crazy Yiuf but do no damage.
Crazy Yiuf is severely wounded.
Crazy Yiuf hits you with a quarterstaff of chaos!
You die...

##..........###############
##........................##
###'####'#'##############..#
........>### ##.#
####......# #.# ####......#
#.## ..........# ####
♣♣##..# ####......# #)..#♣♣
♣♣P.#..# ..........#
#..g@.♣♣♣♣......#
####......#
#...#♣..♣..P...## ###......#
#### ♣♣♣.♣.P.### #....#####
♣♣♣♣♣## #....# #....# #....#
#....# #....#


You could see Crazy Yiuf.

Vanquished Creatures
  Robin (D:2)
  A dart slug (D:1)
  A leopard gecko (D:2)
  6 bats
  3 giant cockroaches (D:1)
  10 goblins
  6 hobgoblins
  A frilled lizard (D:2)
  7 kobolds
  4 rats
40 creatures vanquished.

Notes
Turn   | Place    | Note
-------+----------+-------------------------------------------
     0 | D:1      | Ihlosi the Human Gladiator began the quest for the Orb.
     0 | D:1      | Reached XP level 1. HP: 16/16 MP: 1/1
   256 | D:1      | Reached skill level 1 in Stealth
   256 | D:1      | Reached XP level 2. HP: 22/22 MP: 2/2
   324 | D:1      | You fall through a shaft!
   854 | D:1      | Reached XP level 3. HP: 25/28 MP: 3/3
  1219 | D:2      | Found a runed door.
  1430 | D:2      | Noticed Robin
  1465 | D:2      | Reached skill level 1 in Armour
  1717 | D:2      | Killed Robin
  1717 | D:2      | Reached XP level 4. HP: 35/35 MP: 4/4
  1923 | D:2      | Noticed Crazy Yiuf
  1932 | D:2      | Slain by Crazy Yiuf

Skill      XL: |  1  2  3 |
---------------+----------+-----
Stealth        | 1 |  1.2
Fighting       | 3 |  3.4
Armour         | 1 |  1.3
Long Blades    | |  3.0
Throwing       | |  2.0
Dodging        | |  3.0

Action                   |  1- 3 |  4- 6 || total
-------------------------+-------+-------++-------
Melee: Long sword        |   100 |    13 ||   113
 Abil: Evoke Berserk Rag |     1 |     1 ||     2
  Use: Scroll            |     2 |       ||     2
 Stab: Sleeping          |     2 |       ||     2
  Eat: Chunk             |     2 |     2 ||     4
Armor: Leather armour    |    36 |     2 ||    38
Dodge: Dodged            |    82 |     4 ||    86
       Rpst.: Long sword |    25 |       ||    25
